 Dungeon Crawl Stone Soup version 0.25-a0-576-g50b708a4c4 (webtiles) character file.

Game seed: 13844924803932425135, levelgen mode: deterministic

198 Flugslaktarn the Chopper (level 5, -6/49 HPs)
             Began as a Deep Dwarf Fighter on Mar 2, 2020.
             Mangled by an iguana (8 damage)
             ... on level 4 of the Dungeon.
             The game lasted 00:00:44 (862 turns).

Flugslaktarn the Chopper (Deep Dwarf Fighter)        Turns: 862, Time: 00:00:45

Health: -6/49      AC:  8    Str: 21    XL:     5   Next: 47%
Magic:  5/5        EV:  7    Int:  8    God:
Gold:   79         SH:  9    Dex: 12    Spells: 4/4 levels left

rFire    + . .     SeeInvis .   a - +0 war axe
rCold    + . .     Gourm    .   c - +0 kite shield
rNeg     . . .     Faith    .   b - +0 scale mail
rPois    +         Spirit   .   (no helmet)
rElec    +         Reflect  .   (no cloak)
rCorr    +         Harm     .   (no gloves)
MR       .....                  k - +0 pair of boots
Stlth    ..........             (no amulet)
HPRegen  0.00/turn              (no ring)
MPRegen  0.09/turn              (no ring)

@: resistant, non-regenerating
A: damage resistance, heal wounds, sense surroundings 1, no regeneration
a: Heal Wounds


You were on level 4 of the Dungeon.
You were not hungry.

You visited 1 branch of the dungeon, and saw 5 of its levels.

You collected 79 gold pieces.

Inventory:

Hand Weapons
 a - a +0 war axe (weapon)
Armour
 b - a +0 scale mail (worn)
 c - a +0 kite shield (worn)
 k - a +0 pair of boots (worn)
   (You found it on level 3 of the Dungeon)
Jewellery
 h - a +4 ring of intelligence {unknown}
   (You found it on level 5 of the Dungeon)
Scrolls
 g - a scroll of remove curse {unknown}
 i - 2 scrolls of enchant weapon {unknown}
 j - 2 scrolls of identify {unknown}
Potions
 d - a potion of might
Comestibles
 e - 2 rations
 l - 3 chunks of flesh


   Skills:
 + Level 3.4 Fighting
 * Level 4.3 Axes
 + Level 4.2 Armour
 + Level 4.2 Shields


You had 4 spell levels left.
You didn't know any spells.
Your spell library was empty.

Dungeon Overview and Level Annotations

Branches:
Dungeon (5/15)             Temple (0/1) D:4

Altars:


Innate Abilities, Weirdness & Mutations

You are resistant to damage.
You can heal yourself by infusing magical energy.
You passively map a small area around you.
You do not regenerate.


Message History

The orc priest hits you but does no damage.
The iguana closely misses you.
It was a potion of resistance.
You feel protected. The orc priest hits you with a +0 mace.
The iguana bites you.
* * * LOW HITPOINT WARNING * * *
You're too confused!
The orc priest miscasts a cantrip.
You're too confused!
You bump into the rock wall.
You feel less confused.
You hit the iguana.
The iguana is heavily wounded.
The iguana bites you.
* * * LOW HITPOINT WARNING * * *
The orc priest calls down the wrath of Beogh upon you.
Beogh smites you!
* * * LOW HITPOINT WARNING * * *
The iguana bites you!
You die...

* ** #.#...# #.
, ,,..#.### ##
*###.# , #.# #.#
#.# * , , #.#
#######.#######.
,
#.{ol@..........
.
#.ol############
*≈. #.#.# ≈≈, ,
..≈ , ,.. .o.* *
_ ≈ ≈ .≈ #.#
#.#o# ≈ ,, [. ..
.# * * , . ,...
.# * , , ... .#
, , >... .#


You could see an iguana, an orc priest, an orc and a frilled lizard.

Vanquished Creatures
  A centaur (D:5)
  An iguana (D:4)
  A worker ant (D:4)
  3 gnolls (D:4)
  2 worms
  A leopard gecko (D:4)
  3 orcs (D:3)
  2 ball pythons
  5 giant cockroaches
  5 goblins
  A hobgoblin (D:3)
  A quokka (D:5)
  4 bats
  5 frilled lizards
  A rat (D:1)
36 creatures vanquished.

Notes
Turn   | Place    | Note
-------+----------+-------------------------------------------
     0 | D:1      | Flugslaktarn the Deep Dwarf Fighter began the quest for the
                  | Orb.
     0 | D:1      | Reached XP level 1. HP: 20/20 MP: 1/1
   118 | D:2      | Reached XP level 2. HP: 27/27 MP: 2/2
   343 | D:3      | Reached XP level 3. HP: 15/33 MP: 3/3
   515 | D:4      | Reached XP level 4. HP: 40/42 MP: 4/4
   525 | D:5      | Entered Level 5 of the Dungeon
   527 | D:5      | Noticed a centaur
   535 | D:5      | Killed a centaur
   535 | D:5      | Reached XP level 5. HP: 29/49 MP: 5/5
   846 | D:4      | Found a staircase to the Ecumenical Temple.
   862 | D:4      | HP: 2/49 [orc priest/divine providence (9)]
   862 | D:4      | Mangled by an iguana

Levels and vault maps discovered:
D:1:      psy_arrival_basics, layout_basic
D:2:      layout_basic, tso_altar, okawaru_gym_becter
D:3:      layout_rooms, nicolae_ashenzari_panopticon, minmay_vboxes
D:4:      layout_basic, nicolae_ru_path_of_blood, minmay_temple_entry_glass,
          first_ration, serial_shops, shop
D:5:      layout_basic

Skill      XL: |  1  2  3  4 |
---------------+-------------+-----
Axes           | 3 4 |  4.3
Fighting       | 3 |  3.4
Armour         | 4 |  4.2
Shields        | 4 |  4.2

Action                   |  1- 3 |  4- 6 || total
-------------------------+-------+-------++-------
Melee: War axe           |   107 |    41 ||   148
 Abil: Heal Wounds       |     1 |     2 ||     3
  Use: Potion            |       |     1 ||     1
Armor: Scale mail        |    48 |    13 ||    61
Dodge: Dodged            |    32 |    13 ||    45
Block: Kite shield       |    71 |    24 ||    95

Table legend:
 A = Non-vault XP
 B = Vault XP
 C = Vault XP percentage of total XP
 D = Non-vault monster count
 E = Vault monster count
 F = Vault count percentage of total count
                 A         B        C        D         E       F
            +---------+---------+-------+---------+---------+-------
      Total |     284 |       0 |   0.0 |      36 |       0 |   0.0
            +---------+---------+-------+---------+---------+-------
        D:1 |      10 |       0 |   0.0 |       7 |       0 |   0.0
        D:2 |       6 |       0 |   0.0 |       4 |       0 |   0.0
        D:3 |      29 |       0 |   0.0 |      13 |       0 |   0.0
        D:4 |     125 |       0 |   0.0 |       9 |       0 |   0.0
        D:5 |     114 |       0 |   0.0 |       3 |       0 |   0.0
            +---------+---------+-------+---------+---------+-------
